 Dungeon Crawl Stone Soup version 0.29-a0-330-g52719c12eb (webtiles) character file.

Game seed: 15014862084340860237

385 vineage the Skirmisher (level 6, -5/41 HPs)
             Began as a Gargoyle Fighter on May 13, 2022.
             Slain by an ogre
             ... wielding a +0 giant spiked club
              (15 damage)
             ... on level 4 of the Dungeon.
             The game lasted 00:03:24 (3741 turns).

vineage the Skirmisher (Gargoyle Fighter)           Turns: 3741, Time: 00:03:24

Health: -5/41      AC: 21    Str: 22    XL:     6   Next: 77%
Magic:  6/6        EV:  9    Int:  8    God:
Gold:   235        SH:  4    Dex:  9    Spells: 5/5 levels left

rFire   . . .      SeeInvis .   d - +2 flail (protect)
rCold   . . .      Faith    .   c - +0 buckler
rNeg    + . .      Spirit   .   b - +0 scale mail
rPois   ∞          Reflect  .   (no helmet)
rElec   +          Harm     .   k - +2 cloak
rCorr   +          Rampage  .   (no gloves)
Will    .....                   (no boots)
Stlth   ..........              (no amulet)
HPRegen 0.13/turn               p - ring of resist corrosion
MPRegen 0.10/turn               (no ring)

@: under a protective aura
A: sickness immunity, AC +4, negative energy resistance 1, electricity
resistance, torment resistance 1, petrification resistance
a: no special abilities


You were on level 4 of the Dungeon.
You visited 1 branch of the dungeon, and saw 4 of its levels.

You collected 235 gold pieces.

Inventory:

Hand Weapons
 a - a +0 flail
 d - a +2 flail of protection (weapon)
Armour
 b - a +0 scale mail (worn)
 c - a +0 buckler (worn)
 k - a +2 cloak (worn)
Jewellery
 p - a ring of resist corrosion (left hand)
Wands
 g - a wand of polymorph (9)
 m - a wand of iceblast (13)
Scrolls
 e - a scroll of vulnerability
 f - 3 scrolls of magic mapping
 i - 2 scrolls of immolation
 o - a scroll of enchant armour
 r - a scroll of identify
 s - a scroll of holy word {unknown}
Potions
 h - 3 potions of cancellation
 j - a potion of curing
 l - a potion of attraction
 n - a potion of resistance
 q - a potion of magic {unknown}


   Skills:
 * Level 5.7 Fighting
 + Level 3.4 Maces & Flails
 + Level 4.6 Armour
 + Level 4.6 Shields


You had 5 spell levels left.
You didn't know any spells.
Your spell library contained the following spells:

 Spells                   Type           Power      Damage    Failure   Level
 Corpse Rot               Necr/Air       0%         N/A       91%         2
 Dispel Undead            Necr           0%         3d6       100%        4
 Passage of Golubria      Tloc           0%         N/A       100%        4
 Silence                  Hex/Air        0%         N/A       100%        5
 Death Channel            Necr           0%         N/A       100%        6
 Lehudib's Crystal Spear  Conj/Erth      0%         10d2      100%        8


Dungeon Overview and Level Annotations

Branches:
Dungeon (4/15)
 Temple: D:4-7

Altars:
Makhleb

Shops:
D:4 *

Annotations:
D:4 2 transporters, Subbak's ghost, amateur TeFE


Innate Abilities, Weirdness & Mutations

You are immune to sickness and miasma.
Your stone body is resilient. (AC +4)
You are immune to poison.
You resist negative energy. (rN+)
You are resistant to electric shocks. (rElec)
You are resistant to unholy torment.
You are immune to petrification.


Message History

No target in view!
No target in view!
No target in view!
No target in view!
No target in view!
No target in view!
No target in view!
No target in view!
No target in view!
An ogre comes into view. It is wielding a +0 giant spiked club.
The ogre shouts!
An ogre is nearby!
The ogre hits you with a +0 giant spiked club!
You sock the ogre!
Your weapon exudes an aura of protection.
The ogre is heavily wounded.
The ogre closely misses you.
You sock the ogre!
The ogre is severely wounded.
The ogre hits you with a +0 giant spiked club!
* * * LOW HITPOINT WARNING * * *
You are too injured to fight recklessly!
You are too injured to fight recklessly!
You are too injured to fight recklessly!
You are too injured to fight recklessly!
You are too injured to fight recklessly!
You are too injured to fight recklessly!
You are too injured to fight recklessly!
You are too injured to fight recklessly!
You are too injured to fight recklessly!
You are too injured to fight recklessly!
You are too injured to fight recklessly!
You are too injured to fight recklessly!
You are too injured to fight recklessly!
You hit the ogre.
The ogre is severely wounded.
You hit the ogre.
The ogre is almost dead.
The ogre hits you with a +0 giant spiked club!
You die...

#######.###.#
#.# #...# #.
#.# #.###
#.###########.#
#.#
#.............#
#.#
#..#######..###
########.#
#..#.....#^.#
##........#
..#.>.∩.#..#
...########
#O#.....#.##
####
#@#######.#
##.......##
#########


You could see an ogre.

Vanquished Creatures
  A scorpion (D:4)
  A necrophage (D:4)
  2 orc priests (D:3)
  Natasha (thrice) (D:4)
  3 adders
  A worm (D:2)
  2 dart slugs (D:2)
  4 orcs (D:3)
  8 endoplasms
  6 giant cockroaches
  6 goblins
  7 hobgoblins
  12 jackals
  9 kobolds
  2 quokkas (D:2)
  8 ball pythons
  6 bats
  4 frilled lizards
  7 rats
92 creatures vanquished.

Notes
Turn   | Place    | Note
-------+----------+-------------------------------------------
     0 | D:1      | vineage the Gargoyle Fighter began the quest for the Orb.
     0 | D:1      | Reached XP level 1. HP: 14/14 MP: 1/1
    14 | D:1      | Found a faded altar of an unknown god.
   277 | D:1      | Reached XP level 2. HP: 14/19 MP: 2/2
  1065 | D:2      | Reached XP level 3. HP: 24/24 MP: 3/3
  1414 | D:2      | Reached skill level 4 in Fighting
  1852 | D:2      | Reached XP level 4. HP: 29/29 MP: 4/4
  2071 | D:3      | Reached XP level 5. HP: 9/34 MP: 5/5
  2821 | D:3      | Found a burning altar of Makhleb.
  3061 | D:4      | Noticed Natasha
  3072 | D:4      | Killed Natasha
  3073 | D:4      | Reached skill level 5 in Fighting
  3242 | D:4      | Reached XP level 6. HP: 26/40 MP: 6/6
  3425 | D:4      | Noticed Natasha
  3435 | D:4      | Killed Natasha
  3437 | D:4      | Noticed Natasha
  3443 | D:4      | Killed Natasha
  3655 | D:4      | Found a transporter.
  3655 | D:4      | Noticed Subbak's ghost (amateur TeFE)
  3656 | D:4      | Found a transporter.
  3721 | D:4      | Found Nujutej's General Store.
  3741 | D:4      | Slain by an ogre

Illustrated notes

Levels and vault maps discovered:
D:1:      mrwooster_arrival_statue_3, layout_basic,
          hellmonk_ecumenical_altar_crossroads, hangedman_decor_diamond_cutter,
          hex_intersection, st_stairs_14, interstate_on_off, dk_noncrumbling_4,
          kennysheep_doodads
D:2:      layout_basic, serial_forest, infiniplex_forest_straight_5,
          infiniplex_forest_straight_4, infiniplex_forest_end_2,
          infiniplex_forest_lined_room_2, infiniplex_forest_lined_room_,
          infiniplex_forest_clump_tiny, infiniplex_forest_straight_3,
          infiniplex_forest_end_3, kennysheep_potato
D:3:      layout_basic, overflow_temple_1_default, lemuel_another_geyser
D:4:      layout_loops_ring, gammafunk_ghost_smash, nicolae_take_the_stairs,
          minmay_tree_intersection, uniq_natasha

Skill      XL: |  1  2  3  4  5 |
---------------+----------------+-----
Fighting       | 4 5 |  5.7
Armour         | 4 |  4.6
Shields        | 4 |  4.6
Maces & Flails | 3 |  3.4

Action                   |  1- 3 |  4- 6 || total
-------------------------+-------+-------++-------
Melee: Flail             |   149 |   176 ||   325
  Use: Scroll            |     5 |     7 ||    12
       Potion            |       |     3 ||     3
Armor: Scale mail        |    97 |   116 ||   213
Dodge: Dodged            |    73 |    90 ||   163
Block: Buckler           |    39 |    50 ||    89

Table legend: (Time is in decaauts)
 A = Elapsed time spent in this place.
 B = Non-inter-level travel time spent in this place.
 C = Inter-level travel time spent in this place.
 D = Time resting spent in this place.
 E = Time spent auto-exploring this place.
 F = Levels seen in this place.
 G = Mean time per level.
                   A        B        C        D        E       F      G
               +--------+--------+--------+--------+--------+-----+--------+
         Total |   3851 |   3769 |     82 |      0 |   3026 |   4 |  962.8 |
       Dungeon |   3851 |   3769 |     82 |      0 |   3026 |   4 |  962.8 |
               +--------+--------+--------+--------+--------+-----+--------+

Top non-repeatable levels by time:
     D:1: 1072 daAuts
     D:3: 996 daAuts
     D:2: 991 daAuts
     D:4: 791 daAuts
